 Dungeon Crawl Stone Soup version 0.26-a0-224-g2964c8cf50 (webtiles) character file.

Game seed: 10797402643282462031

235 Esekla the Stinger (level 6, -3/46 HPs)
             Began as a Formicid Venom Mage on July 6, 2020.
             Killed from afar by Grinder (9 damage)
             ... with a puff of flame
             ... on level 4 of the Dungeon.
             The game lasted 00:22:15 (3133 turns).

Esekla the Stinger (Formicid Venom Mage)            Turns: 3133, Time: 00:22:15

Health: -3/46      AC:  2    Str: 13    XL:     6   Next: 27%
Magic:  10/11      EV: 12    Int: 16    God:
Gold:   117        SH:  0    Dex: 11    Spells: 3/12 levels left

rFire    . . .     SeeInvis +   c - +0 falchion
rCold    . . .     Faith    .   (no shield)
rNeg     . . .     Spirit   .   a - +0 robe
rPois    .         Reflect  .   (helmet unavailable)
rElec    .         Harm     .   (no cloak)
rCorr    .                      (no gloves)
MR       .....                  (no boots)
Stlth    ++........             (no amulet)
HPRegen  0.15/turn              (no ring)
MPRegen  0.12/turn              (no ring)

@: no status effects
A: permanent stasis, dig shafts and tunnels, four strong arms, antennae 3
a: Dig, Shaft Self


You were on level 4 of the Dungeon.
You were not hungry.

You visited 1 branch of the dungeon, and saw 4 of its levels.

You collected 117 gold pieces.

Inventory:

Hand Weapons
 c - a +0 falchion (weapon)
 g - a +0 short sword
Armour
 a - a +0 robe (worn)
 k - a scarf of resistance
Jewellery
 q - a +4 ring of protection {unknown}
Scrolls
 b - 5 scrolls of amnesia {unknown}
 d - 2 scrolls of remove curse
 h - 3 scrolls of identify {unknown}
 j - a scroll of fear {unknown}
 m - 4 scrolls of fog
 o - a scroll of magic mapping {unknown}
Potions
 e - 3 potions of might {unknown}
 f - a potion of brilliance {unknown}
 i - a potion of curing {unknown}
 n - a potion of stabbing {unknown}
 p - a potion of cancellation {unknown}
 r - a potion of flight {unknown}
Comestibles
 l - 4 rations


   Skills:
 * Level 2.4 Fighting
 + Level 1.3(1.7) Short Blades
 * Level 1.6(2.0) Long Blades
 + Level 2.1 Dodging
 - Level 2.4 Stealth
 * Level 3.7 Spellcasting
 * Level 1.1 Conjurations
 + Level 1.1 Transmutations
 * Level 1.5 Air Magic
 + Level 4.2 Poison Magic


You had 3 spell levels left.
You knew the following spells:

 Your Spells              Type           Power        Failure   Level
a - Sting                 Tmut/Pois      ##..         6%          1
c - Mephitic Cloud        Conj/Pois/Air  ##......     21%         3
n - Ignite Poison         Fire/Tmut/Pois #.......     26%         3
v - Poisonous Vapours     Pois/Air       ##....       8%          2

Your spell library contained the following spells:

 Spells                   Type           Power        Failure   Level
 Olgreb's Toxic Radiance  Pois           ###.....     30%         4


Dungeon Overview and Level Annotations

Branches:
Dungeon (4/15)
 Temple: D:4-7

Altars:
Dithmenos
Hepliaklqana
Nemelex Xobeh
Ru

Annotations:
D:4 Grinder


Innate Abilities, Weirdness & Mutations

You cannot be hasted, slowed, berserked, paralysed or teleported.
You can dig through walls and to a lower floor.
Your four strong arms can wield two-handed weapons with a shield.
You have a pair of large antennae on your head. (SInv)


Message History

Confirm with . or Enter, or press ? or * to list all spells.
You can't see any susceptible monsters within range! (Use Z to cast anyway.)
Casting: Poisonous Vapours (safe; 8% risk of failure)
Confirm with . or Enter, or press ? or * to list all spells.
Aiming: Mephitic Cloud (dangerous; 21% risk of failure)
Press: ? - help, Shift-Dir - straight line, f - Grinder
Aim: Grinder, carrying a wand of flame (6)
The ball explodes into a vile cloud!
The stinking cloud engulfs Grinder but does no damage.
Grinder gestures at you. Pain shoots through your body!
Grinder zaps a wand.
The puff of flame misses you. Grinder gestures at you.
Your stasis prevents you from being paralysed.
Grinder zaps a wand.
The puff of flame hits you!
* * * LOW HITPOINT WARNING * * *
Grinder gestures at you. You resist with some effort.
Grinder zaps a wand.
The puff of flame hits you!
You die...

#.#.#.#.#.#..#..........####.#
.#.#.#.#.#.#..5..............#
#.#.#.#.#.#...#.###.#..#######
+#.#.#.#.#.#..#.# #......#
....#.#.#.#.#.#.# ###.####
....'#.#.#.##.#.# #.#
....#.#.#.#.#5#.# #.#######
....'#.#.#.##.#.#####........
....#.........#.@.......#####
..#.#......####.<.......#
...........# #.........#
###.#...##.# #.........#
#.....#.##.####.........#
#.#.....##....'.........#
#.#<#.####..###.........#
#.#.#.......# #.........#
#.#.#######.# #.........#


You could see Grinder.

Vanquished Creatures
  A hound (D:4)
  2 orc priests (D:3)
  An iguana (D:3)
  2 worker ants (D:4)
  2 adders
  An ooze (D:1)
  An adder skeleton (D:4)
  3 dart slugs
  A leopard gecko (D:2)
  4 orcs (D:3)
  2 ball pythons
  4 giant cockroaches
  5 goblins
  3 hobgoblins
  3 bats
  7 frilled lizards
  4 kobolds
  A quokka skeleton (D:4)
  3 rats
50 creatures vanquished.

Notes
Turn   | Place    | Note
-------+----------+-------------------------------------------
     0 | D:1      | Esekla the Formicid Venom Mage began the quest for the Orb.
     0 | D:1      | Reached XP level 1. HP: 13/13 MP: 3/3
   208 | D:1      | Reached XP level 2. HP: 20/20 MP: 1/5
   235 | D:1      | Reached skill level 1 in Fighting
   521 | D:1      | Learned a level 2 spell: Poisonous Vapours
   869 | D:1      | Reached XP level 3. HP: 24/26 MP: 4/7
   960 | D:1      | Learned a level 3 spell: Mephitic Cloud
  1629 | D:3      | Found a hazy altar of Hepliaklqana.
  1773 | D:3      | Found a shadowy altar of Dithmenos.
  1796 | D:3      | Reached XP level 4. HP: 33/33 MP: 8/8
  1853 | D:3      | Reached skill level 1 in Short Blades
  1875 | D:3      | Found a sparkling altar of Nemelex Xobeh.
  2136 | D:3      | Learned a level 3 spell: Ignite Poison
  2232 | D:3      | Reached XP level 5. HP: 36/38 MP: 4/9
  2329 | D:3      | Reached skill level 1 in Air Magic
  2600 | D:4      | Found a sacrificial altar of Ru.
  2606 | D:4      | Reached skill level 1 in Long Blades
  2609 | D:4      | Noticed Grinder
  2832 | D:4      | Reached skill level 1 in Conjurations
  2832 | D:4      | Reached XP level 6. HP: 8/45 MP: 3/11
  3133 | D:4      | Killed from afar by Grinder

Illustrated notes

Levels and vault maps discovered:
D:1:      eino_arrival_druids_welcome, layout_basic, serial_bayou_ford_a
D:2:      layout_rooms, minmay_pentomino_p2
D:3:      layout_loops_ring, nicolae_dithmenos_through_a_glass_darkly,
          overflow_temple_1_default, nemelex_xobeh_ov_fountains_minmay
D:4:      layout_basic, nicolae_ru_awakened_eye, first_ration, uniq_ijyb,
          uniq_grinder

Skill      XL: |  1  2  3  4  5 |
---------------+----------------+-----
Fighting       | 1 2 |  2.4
Dodging        | 2 |  2.1
Spellcasting   | 3 |  3.7
Short Blades   | 1 |  1.3
Air Magic      | 1 |  1.5
Long Blades    | 1 |  1.6
Conjurations   | 1 |  1.1
Stealth        | |  2.4
Transmutations | |  1.1
Poison Magic   | |  4.2

Action                   |  1- 3 |  4- 6 || total
-------------------------+-------+-------++-------
Melee: Dagger            |    19 |       ||    19
       Short sword       |    33 |       ||    33
       Falchion          |     3 |    52 ||    55
 Cast: Sting             |    11 |       ||    11
       Poisonous Vapours |    13 |    23 ||    36
       Mephitic Cloud    |       |     2 ||     2
  Use: Scroll            |     2 |       ||     2
 Stab: Sleeping          |     2 |     1 ||     3
       Confused          |       |     1 ||     1
  Eat: Ration            |     1 |     1 ||     2
Armor: Robe              |    15 |     3 ||    18
Dodge: Dodged            |    42 |    56 ||    98
       Rpst.: Falchion   |     2 |    16 ||    18

Table legend:
 A = Non-vault XP
 B = Vault XP
 C = Vault XP percentage of total XP
 D = Non-vault monster count
 E = Vault monster count
 F = Vault count percentage of total count
                 A         B        C        D         E       F
            +---------+---------+-------+---------+---------+-------
      Total |     333 |       4 |   1.2 |      48 |       2 |   4.0
            +---------+---------+-------+---------+---------+-------
        D:1 |      30 |       0 |   0.0 |      15 |       0 |   0.0
        D:2 |      29 |       4 |  12.1 |       8 |       2 |  20.0
        D:3 |     157 |       0 |   0.0 |      17 |       0 |   0.0
        D:4 |     117 |       0 |   0.0 |       8 |       0 |   0.0
            +---------+---------+-------+---------+---------+-------
